 Dungeon Crawl Stone Soup version 0.28.0-45-g0d030f2227 (webtiles) character file.

Game seed: 8255298609520314245

23 MisterFreud the Ruffian (level 2, -6/23 HPs)
             Began as a Draconian Transmuter on Apr 18, 2022.
             Mangled by Sigmund
             ... wielding a +3 scythe of venom
              (10 damage)
             ... on level 2 of the Dungeon.
             The game lasted 00:01:04 (1149 turns).

MisterFreud the Ruffian (Draconian Transmuter)      Turns: 1149, Time: 00:01:04

Health: -6/23      AC:  5    Str: 12    XL:     2   Next: 75%
Magic:  5/5        EV: 12    Int: 13    God:
Gold:   34         SH:  0    Dex: 11    Spells: 4/5 levels left

rFire   . . .      SeeInvis .     - Unarmed
rCold   . . .      Faith    .   (no shield)
rNeg    . . .      Spirit   .   (armour unavailable)
rPois   .          Reflect  .   (helmet restricted)
rElec   .          Harm     .   i - +0 cloak
rCorr   .          Rampage  .   (no gloves)
Will    .....                   (no boots)
Stlth   +.........              (no amulet)
HPRegen 0.07/turn               (no ring)
MPRegen 0.09/turn               (no ring)

@: confused, lethally poisoned (-6 -> -18)
A: AC +4, unfitting armour, cold-blooded
a: no special abilities


You were on level 2 of the Dungeon.
You visited 1 branch of the dungeon, and saw 2 of its levels.

You collected 34 gold pieces.

Inventory:

Missiles
 b - 3 boomerangs
Armour
 i - a +0 cloak (worn)
Scrolls
 c - a scroll of vulnerability {unknown}
 e - 2 scrolls of identify {unknown}
 h - a scroll of immolation {unknown}
Potions
 a - 3 potions of brilliance {unknown}
 d - a potion of lignification {unknown}
 f - a potion of heal wounds {unknown}
 g - a potion of magic {unknown}
 j - a potion of mutation {unknown}


   Skills:
 - Level 1.4 Fighting
 - Level 1.9 Dodging
 - Level 3.1 Unarmed Combat
 - Level 2.1 Spellcasting
 + Level 2.8 Transmutations


You had 4 spell levels left.
You knew the following spells:

 Your Spells              Type           Power      Damage    Failure   Level
a - Beastly Appendage     Tmut           16%        N/A       8%          1

Your spell library contained the following spells:

 Spells                   Type           Power      Damage    Failure   Level
 Wereblood                Tmut           8%         N/A       12%         2
 Spider Form              Tmut/Pois      5%         N/A       38%         3
 Ice Form                 Ice/Tmut       5%         N/A       80%         4


Dungeon Overview and Level Annotations

Branches:
Dungeon (2/15)

Altars:

Annotations:
D:2 Sigmund


Innate Abilities, Weirdness & Mutations

Your plain brown scales are hard. (AC +4)
You cannot fit into any form of body armour.
You are cold-blooded and may be slowed by cold attacks.


Message History

You grow a pair of large bovine horns.
Your feet morph into talons.
The goblin hits you but does no damage.
You completely miss the goblin. You claw the goblin.
You kill the goblin!
Your transformation is almost over.
Things that are here:
a +0 dagger; a goblin corpse No target in view!
Your horns disappear.
Your talons disappear.
There is an open gate here.
You enter the shallow water.
Moving in this stuff is going to be slow.
Partly explored, can't reach some places.
Partly explored, can't reach some places.
Partly explored, can't reach some places.
You see here a +0 ring mail.
There is an open gate here.
There is a stone staircase leading down here.
You climb downwards.
Sigmund shouts!
Found a scroll labelled FUIVUCHAFE and 15 gold pieces.
There is a stone staircase leading up here.
Sigmund completely misses you. As you open the door, it creaks loudly!
Sigmund casts a spell at you. You resist with significant effort.
Sigmund casts a spell.
Sigmund flickers and vanishes!
Deactivating autopickup; reactivate with Ctrl-A.
There is an open door here.
There is an open door here.
You hear some strange, mumbled words.
You are confused.
Something hits you!
You are lethally poisoned!
You feel very sick.
* * * LOW HITPOINT WARNING * * *
You feel very sick. Something hits you!
You die...

### #.# #.#
#####'#+#####
#........$..#
+....{......#
#...........#
#....@?.....#
#####.......#
#.......#
........#
..#######
...# 8### ##


There were no monsters in sight!

Vanquished Creatures
  5 ball pythons (D:1)
  An endoplasm (D:1)
  A giant cockroach (D:1)
  2 goblins (D:1)
  A hobgoblin (D:1)
  A jackal (D:1)
  4 quokkas (D:1)
  2 bats (D:1)
  A frilled lizard (D:1)
  2 kobolds (D:1)
  A rat (D:1)
21 creatures vanquished.

Notes
Turn   | Place    | Note
-------+----------+-------------------------------------------
     0 | D:1      | MisterFreud the Draconian Transmuter began the quest for
                  | the Orb.
     0 | D:1      | Reached XP level 1. HP: 16/16 MP: 3/3
   174 | D:1      | Reached XP level 2. HP: 21/23 MP: 3/5
   414 | D:1      | Found a faded altar of an unknown god.
  1138 | D:2      | Noticed Sigmund
  1149 | D:2      | Mangled by Sigmund

Illustrated notes

Levels and vault maps discovered:
D:1:      kennysheep_arrival_seaside, layout_loops_ring, basic_ecumenical_altar,
          minmay_misc_feat_secret_circle, minmay_vboxes
D:2:      layout_basic, serial_corexii_hall, corexii_hall_statues_l,
          corexii_hall_statues_i, chequers_serial_rivers_micro_b, uniq_sigmund

Action                   || total
-------------------------++-------
Melee: Unarmed           ||    46
       Headbutt          ||     6
       Kick              ||     6
       Tailslap          ||     5
 Cast: Beastly Appendage ||    16
Armor: Skin              ||    17
Dodge: Dodged            ||    28
